 Dungeon Crawl Stone Soup version 0.31.0-1-g2c135a0 (webtiles) character file.

Game seed: 15337761465777642787

40678 jagoly the Carver (level 14, -3/115 HPs)
             Began as a Merfolk Air Elementalist on Jan 25, 2024.
             Was a High Priest of Dithmenos.
             Killed from afar by a molten gargoyle (34 damage)
             ... with a bolt of magma
             ... on level 5 of the Lair of Beasts.
             The game lasted 01:36:52 (18602 turns).

jagoly the Carver (Merfolk Air Elementalist)       Turns: 18602, Time: 01:36:53

Health: -3/115     AC:  7    Str: 14    XL:     14   Next: 12%
Magic:  18/18      EV: 18    Int: 16    God:    Dithmenos [*****.]
Gold:   612        SH:  8    Dex: 17    Spells: 11/19 levels left

rFire   . . .        a - +2 scimitar (flame)
rCold   . . .        Y - +2 buckler {reflect}
rNeg    + . .        Z - +2 leather armour of the Lost Path {Harm rPois rN+ Str+5}
rPois   +            W - +0 helmet
rElec   .            (no cloak)
rCorr   .            (no gloves)
SInv    +            m - +0 pair of boots
Will    ++...        k - amulet of regeneration
Stlth   ++++++       x - ring of see invisible
HPRegen 1.19/turn    J - ring of willpower
MPRegen 0.16/turn

%: harm (+30% outgoing, +20% incoming), reflection
@: wreathed by umbra
A: (nimble swimmer 2), mertail
a: Renounce Religion, Shadow Step, Shadow Form


You were on level 5 of the Lair of Beasts.
You worshipped Dithmenos.
Dithmenos was extremely pleased with you.
You visited 2 branches of the dungeon, and saw 16 of its levels.
You also visited: Ossuary.

You collected 1118 gold pieces.
You spent 506 gold pieces at shops.

Inventory:

Hand Weapons
 a - a +2 scimitar of flaming (weapon)
 M - a +2 long sword of freezing
 O - a +3 dagger of speed
Missiles
 c - 48 poisoned darts
 d - 105 stones (quivered)
 f - 2 javelins
 p - 8 boomerangs
 Q - 5 datura-tipped darts
 R - 4 curare-tipped darts
Armour
 m - a +0 pair of boots (worn)
 W - a +0 helmet (worn)
 Y - a +2 buckler of reflection (worn)
 Z - the +2 leather armour of the Lost Path (worn) {Harm rPois rN+ Str+5}
   (You bought it in a shop on level 8 of the Dungeon)

   Str+5:     It affects your strength (+5).
   rPois:     It protects you from poison rN+: It protects you from negative
   energy.
   Harm:      It increases damage dealt and taken.
Magical Staves
 L - a staff of alchemy
Jewellery
 e - a ring of positive energy
 k - an amulet of regeneration (around neck)
 x - a ring of see invisible (left hand)
 F - a ring of ice
 J - a ring of willpower (right hand)
Wands
 l - a wand of flame (44)
 E - a wand of roots (2)
 I - a wand of polymorph (9)
 P - a wand of paralysis (10)
Scrolls
 o - 2 scrolls of fear
 q - 2 scrolls of silence
 r - 7 scrolls of enchant armour
 s - 5 scrolls of blinking
 u - 5 scrolls of vulnerability
 y - 3 scrolls of amnesia
 z - 2 scrolls of enchant weapon
 A - 3 scrolls of noise
 C - 3 scrolls of fog
 D - 2 scrolls of revelation
 G - 7 scrolls of teleportation
 K - 4 scrolls of poison
 S - a scroll of immolation {unknown}
 V - 2 scrolls of summoning
Potions
 b - 3 potions of magic
 g - a potion of berserk rage {unknown}
 h - 8 potions of haste
 i - a potion of lignification
 j - a potion of enlightenment {unknown}
 n - 3 potions of heal wounds {unknown}
 t - 10 potions of attraction
 v - 4 potions of curing
 w - a potion of might {unknown}
 B - 4 potions of mutation {unknown}
 H - 2 potions of cancellation {unknown}
 N - a potion of brilliance {unknown}
 T - a potion of resistance {unknown}
Miscellaneous
 U - a lightning rod (4/4)


   Skills:
 - Level 12.0 Fighting
 - Level 14.0 Long Blades
 - Level 2.0 Throwing
 - Level 4.0 Armour
 - Level 12.0 Dodging
 - Level 8.0 Stealth
 - Level 6.0 Shields
 - Level 3.0 Spellcasting
 - Level 6.0 Conjurations
 - Level 4.0 Translocations
 - Level 6.0 Air Magic
 + Level 0.0 Invocations
 - Level 4.0 Evocations


You had 11 spell levels left.
You knew the following spells:

 Your Spells              Type           Power      Damage    Failure   Level
a - Shock                 Conj/Air       84%        1d8       2%          1
B - Blink                 Tloc           30%        N/A       9%          2
S - Swiftness             Air            21%        N/A       8%          3
X - Static Discharge      Conj/Air       42%        3-5/arc   3%          2

Your spell library contained the following spells:

 Spells                   Type           Power      Damage    Failure   Level
 Magic Dart               Conj           84%        1d7       2%          1
 Cigotuvi's Dreadful Rot  Necr/Alch/Air  16%        N/A       21%         2
 Airstrike                Air            10%        2d(2-18)  26%         4
 Summon Small Mammal      Summ           8%         N/A       30%         1
 Call Imp                 Summ           4%         N/A       41%         2
 Ensorcelled Hibernation  Hex/Ice        4%         N/A       41%         2
 Call Canine Familiar     Summ           2%         N/A       65%         3
 Fugue of the Fallen      Necr           2%         N/A       65%         3
 Freezing Cloud           Conj/Ice/Air   7%         6-21      85%         5
 Anguish                  Hex/Necr       1%         N/A       96%         4
 Dispel Undead            Necr           2%         3d7       96%         4
 Ignite Poison            Fire/Alch      2%         N/A       96%         4
 Martyr's Knell           Necr/Summ      2%         N/A       96%         4
 Summon Blazeheart Golem  Fire/Summ      2%         N/A       96%         4
 Death Channel            Necr           1%         N/A       100%        6


Dungeon Overview and Level Annotations

Branches:
Dungeon (11/15) Zot: 25999  Temple (0/1) D:5            Lair (5/5) D:8 Zot: 24634
  Swamp (0/4) Lair:2        Snake (0/4) Lair:2          Orc (0/2) D:9
Ossuary (visited)
  Slime: Lair:4-5

Altars:
Dithmenos
Fedhas
Makhleb
Okawaru
Vehumet
Xom
The Shining One

Shops:
D:2 [*   D:8 (([(*   D:11 *

Annotations:
D:9 1 runed translucent door, Zagger's ghost, novice DsFi
D:10 1 runed translucent door, trev101's ghost, novice HOFi


Innate Abilities, Weirdness & Mutations

((You are very nimble when in or above water. (Stealth+, EV+, Speed+++)))
Your lower body shifts to a powerful aquatic tail in water.


Message History

V - 2 scrolls of summoning
Found an escape hatch in the floor.
A komodo dragon is nearby!
The komodo dragon hisses angrily.
You slash the komodo dragon! You burn the komodo dragon.
The komodo dragon is heavily wounded.
The komodo dragon closely misses you.
You hit the komodo dragon but do no damage.
The komodo dragon is heavily wounded.
Your shadow hits the komodo dragon but does no damage.
The komodo dragon bites you!
You slash the komodo dragon! You burn the komodo dragon.
The komodo dragon is almost dead.
You block the komodo dragon's attack.
You slash the komodo dragon! You burn the komodo dragon.
You kill the komodo dragon!
Dithmenos accepts your kill.
No target in view!
B - 3 sedimented ruby potions (gained 1)
Found a stone staircase leading down.
You now have 569 gold pieces (gained 13).
You now have 590 gold pieces (gained 21).
You see here a +0 scale mail.
A black mamba comes into view.
The black mamba misses you. The black mamba completely misses you.
You slash the black mamba! You burn the black mamba!
The black mamba is almost dead.
The black mamba misses you.
You hit the black mamba. You burn the black mamba.
The black mamba is almost dead.
The black mamba completely misses you.
You slash the black mamba! You burn the black mamba.
You kill the black mamba!
Dithmenos accepts your kill.
Training target 4.0 for Armour reached!
Your Armour skill increases to level 4!
No target in view!
Your legs become a tail as you enter the water.
Your +0 pair of boots melds into your body.
Your +0 pair of boots unmelds from your body.
You see here a +0 scale mail.
Your legs become a tail as you enter the water.
Your +0 pair of boots melds into your body.
Your +0 pair of boots unmelds from your body.
Your legs become a tail as you enter the water.
Your +0 pair of boots melds into your body.
Your +0 pair of boots unmelds from your body.
Your legs become a tail as you enter the water.
Your +0 pair of boots melds into your body.
Your +0 pair of boots unmelds from your body.
Your legs become a tail as you enter the water.
Your +0 pair of boots melds into your body.
Your +0 pair of boots unmelds from your body.
Your legs become a tail as you enter the water.
Your +0 pair of boots melds into your body.
Your +0 pair of boots unmelds from your body.
Your legs become a tail as you enter the water.
Your +0 pair of boots melds into your body.
Your +0 pair of boots unmelds from your body.
You see here a komodo dragon skeleton.
You see here a komodo dragon skeleton.
There is an escape hatch in the floor here.
There is a stone staircase leading down here.
Done exploring.
There is a stone staircase leading down here.
There is a stone staircase leading down here.
You climb downwards.
There is a stone staircase leading up here.
A death yak comes into view.
There is a stone staircase leading up here.
You slash the death yak! You burn the death yak!
The death yak is moderately wounded.
Your shadow hits the death yak but does no damage.
The death yak closely misses you.
You hit the death yak but do no damage.
The death yak is moderately wounded.
Your shadow hits the death yak but does no damage.
You block the death yak's attack.
You hit the death yak but do no damage.
The death yak is moderately wounded.
The death yak misses you.
You barely miss the death yak.
The death yak is moderately wounded.
The death yak bellows!
You completely miss the death yak.
The death yak is moderately wounded.
The death yak barely misses you.
The death yak bellows!
You slash the death yak! You burn the death yak.
The death yak is heavily wounded.
The death yak barely misses you.
You hit the death yak. You burn the death yak.
The death yak is heavily wounded.
Your shadow hits the death yak with a scimitar.
The death yak gores you!!
You hit the death yak. You burn the death yak.
The death yak is severely wounded.
You slash the death yak! You burn the death yak.
The death yak is almost dead.
The death yak misses you.
You completely miss the death yak.
The death yak is almost dead.
Your shadow hits the death yak but does no damage.
The death yak gores you.
You slash the death yak! You burn the death yak.
You kill the death yak!
Dithmenos accepts your kill.
You completely miss the death yak. You hit the death yak.
You burn the death yak.
The death yak is lightly wounded.
The death yak gores you! The death yak completely misses you.
You climb upwards.
There is a stone staircase leading down here.
You slash the death yak! You burn the death yak.
The death yak is moderately wounded.
Your shadow hits the death yak with a scimitar!
The death yak misses you.
You slice the death yak!! You burn the death yak.
The death yak is severely wounded.
The death yak gores you!
You slice the death yak!! You burn the death yak!
You kill the death yak!
Dithmenos accepts your kill.
You have reached level 14!
You start resting.
HP restored.
You start resting.
HP restored.
You climb downwards.
The death yak closely misses you. x2
There is a stone staircase leading up, spattered with blood here.
You hit the death yak but do no damage. You hit the death yak but do no damage.
The death yak misses you.
You hit the death yak but do no damage. You block the death yak's attack.
You slash the death yak! You burn the death yak!
The death yak is moderately wounded.
Your shadow hits the death yak but does no damage.
You block the death yak's attack.
You slash the death yak! You burn the death yak.
The death yak is severely wounded.
Your shadow hits the death yak with a scimitar.
You hit the death yak. You burn the death yak.
The death yak is severely wounded.
You block the death yak's attack.
You hit the death yak. You burn the death yak.
The death yak is severely wounded.
Your shadow hits the death yak with a scimitar.
The death yak barely misses you.
You hit the death yak but do no damage.
The death yak is almost dead.
The death yak gores you!!
You hit the death yak but do no damage.
The death yak is almost dead.
Your shadow hits the death yak with a scimitar!
You slash the death yak! You burn the death yak.
You kill the death yak!
Dithmenos accepts your kill.
No target in view!
HP restored.
You see here a death yak corpse.
A water moccasin comes into view.
You barely miss the water moccasin.
Your shadow closely misses the water moccasin.
You block the water moccasin's attack.
You closely miss the water moccasin. You block the water moccasin's attack.
You barely miss the water moccasin. The water moccasin closely misses you.
You slash the water moccasin! You burn the water moccasin.
The water moccasin is moderately wounded.
The water moccasin bites you!
You miss the water moccasin.
The water moccasin is moderately wounded.
Your shadow hits the water moccasin with a scimitar.
You block the water moccasin's attack.
You miss the water moccasin.
The water moccasin is heavily wounded.
Your shadow hits the water moccasin with a scimitar.
The water moccasin misses you.
You hit the water moccasin. You burn the water moccasin.
The water moccasin is severely wounded.
You block the water moccasin's attack.
You slash the water moccasin! You burn the water moccasin.
You kill the water moccasin!
Dithmenos accepts your kill.
No target in view!
Found a club.
A malevolent force fills the Lair of Beasts...
With a horrendous wail, an alarm goes off!
A sentinel's mark forms upon you.
You hear an angry hiss. x8; You hear a deafening roar!
You hear an angry hiss.
You hear a bark!
You hear an angry hiss. x3; You hear a bark!
You hear an angry hiss. x4
A black mamba comes into view.
You hit the black mamba. You burn the black mamba.
The black mamba is moderately wounded.
Your shadow closely misses the black mamba.
The black mamba misses you.
You closely miss the black mamba.
The black mamba is moderately wounded.
The black mamba misses you. You block the black mamba's attack.
You barely miss the black mamba.
The black mamba is lightly wounded.
Your shadow completely misses the black mamba.
The black mamba bites you!
You slash the black mamba! You burn the black mamba.
The black mamba is almost dead.
The black mamba misses you.
You slash the black mamba! You burn the black mamba.
You kill the black mamba!
Dithmenos accepts your kill.
Training target 12.0 for Dodging reached!
Your Dodging skill increases to level 12!
A komodo dragon comes into view.
You slice the komodo dragon!! You burn the komodo dragon.
The komodo dragon is severely wounded.
The komodo dragon barely misses you.
You slice the komodo dragon!! You burn the komodo dragon.
You kill the komodo dragon!
Dithmenos accepts your kill.
No target in view!
You see here a death yak corpse.
There is a stone staircase leading up, spattered with blood here.
You start waiting.
The sentinel's mark upon you fades away.
You start waiting.
Unknown command.
You see here a death yak corpse.
Found an amulet of regeneration.
Found a leather armour.
G - 7 scrolls of teleportation (gained 1)
B - 4 sedimented ruby potions (gained 1)
You now have 601 gold pieces (gained 11).
You now have 612 gold pieces (gained 11).
K - 4 scrolls of poison (gained 1)
A cane toad is nearby!
A basilisk comes into view.
A molten gargoyle comes into view. It is wielding a +0 mace.
A hell hound comes into view.
You barely miss the cane toad. The cane toad stings you!!
You barely miss the cane toad. The cane toad barely misses you.
You hit the cane toad but do no damage. You block the cane toad's attack.
You barely miss the cane toad.
Your shadow hits the cane toad with a scimitar.
You block the cane toad's attack.
You slash the cane toad! You burn the cane toad.
The cane toad is heavily wounded.
The cane toad barely misses you.
You barely miss the cane toad.
The cane toad is heavily wounded.
Your shadow hits the cane toad with a scimitar.
You barely miss the cane toad.
The cane toad is severely wounded.
Your shadow hits the cane toad with a scimitar!
The cane toad misses you.
You closely miss the cane toad.
The cane toad is almost dead.
Your shadow hits the cane toad with a scimitar.
You kill the cane toad!
Dithmenos accepts your kill.
No target in view!
You start resting.
A lindwurm comes into view.
The lindwurm roars!
You slash the lindwurm! You burn the lindwurm.
The lindwurm is heavily wounded.
You hear an angry hiss.
You hear a bark!
The lindwurm misses you.
The lindwurm claws you but does no damage.
The lindwurm completely misses you.
You completely miss the lindwurm.
The lindwurm is heavily wounded.
The lindwurm misses you. The lindwurm closely misses you.
You block the lindwurm's attack.
You hit the lindwurm but do no damage.
The lindwurm is heavily wounded.
You hear an angry hiss.
You block the lindwurm's attack. The lindwurm misses you.
The lindwurm claws you but does no damage.
You completely miss the lindwurm.
The lindwurm is heavily wounded.
You hit the lindwurm. You burn the lindwurm.
The lindwurm is severely wounded.
The lindwurm breathes flames at you. The blast of flame misses you.
You hit the lindwurm. You burn the lindwurm.
The lindwurm is severely wounded.
The lindwurm bites you! You block the lindwurm's attack.
The lindwurm claws you but does no damage.
You hit the lindwurm. You burn the lindwurm.
The lindwurm is severely wounded.
You block the lindwurm's attack. The lindwurm closely misses you.
The lindwurm completely misses you.
You slash the lindwurm! You burn the lindwurm.
You kill the lindwurm!
Dithmenos accepts your kill.
No target in view!
You start resting.
A basilisk comes into view.
You strike the helpless basilisk from behind!
You hit the basilisk but do no damage. The basilisk barely misses you.
You hit the basilisk but do no damage. The basilisk gazes at you.
You resist with almost no effort.
You hit the basilisk but do no damage.
Your shadow hits the basilisk with a scimitar!
The basilisk gazes at you. You resist with almost no effort.
You closely miss the basilisk.
The basilisk is moderately wounded.
You slash the basilisk! You burn the basilisk.
The basilisk is severely wounded.
Your shadow barely misses the basilisk.
The basilisk bites you!
You closely miss the basilisk.
The basilisk is severely wounded.
The basilisk gazes at you. You resist with almost no effort.
You hit the basilisk but do no damage.
The basilisk is severely wounded.
Your shadow closely misses the basilisk.
You block the basilisk's attack.
You hit the basilisk. You burn the basilisk.
The basilisk is almost dead.
Your shadow closely misses the basilisk.
You barely miss the basilisk.
The basilisk is almost dead.
The basilisk gazes at you. You resist with almost no effort.
You hit the basilisk but do no damage.
The basilisk is almost dead.
The basilisk misses you.
You closely miss the basilisk.
The basilisk is almost dead.
Your shadow hits the basilisk with a scimitar.
You kill the basilisk!
Dithmenos accepts your kill.
You start resting.
HP restored.
You start resting.
HP restored.
You see here a basilisk corpse.
Throw: 106 stones
Press: ? - help, Q - select action, (/) - cycle Shift-Dir - straight line, f - basilisk
Aim: a basilisk (wandering, hasn't noticed you, umbra, 58% to hit)
You throw a stone. The stone misses the basilisk.
Your shadow throws a stone.
The stone closely misses the basilisk.
You see here a cane toad corpse.
You start waiting.
A basilisk is nearby!
You hit the basilisk. You burn the basilisk.
The basilisk is lightly wounded.
The basilisk closely misses you.
You slash the basilisk! You burn the basilisk!
The basilisk is severely wounded.
You hear a bark!
The basilisk completely misses you.
You hit the basilisk. You burn the basilisk.
The basilisk is almost dead.
The basilisk closely misses you.
You closely miss the basilisk.
The basilisk is almost dead.
Your shadow hits the basilisk with a scimitar!
You kill the basilisk!
Dithmenos accepts your kill.
You hear a bark!
You hit the hell hound.
The hell hound is lightly wounded.
Your shadow completely misses the hell hound.
The hell hound bites you.
You hit the hell hound.
The hell hound is moderately wounded.
Your shadow hits the hell hound but does no damage.
You block the hell hound's attack.
You miss the hell hound.
The hell hound is moderately wounded.
Your shadow closely misses the hell hound.
The hell hound closely misses you.
You completely miss the hell hound.
The hell hound is moderately wounded.
Your shadow closely misses the hell hound.
The hell hound misses you.
You barely miss the hell hound.
The hell hound is moderately wounded.
You block the hell hound's attack. The hell hound completely misses you.
You slash the hell hound!
The hell hound is severely wounded.
Your shadow hits the hell hound with a scimitar.
The hell hound breathes flames at you. The blast of flame hits you.
You barely miss the hell hound.
The hell hound is almost dead.
The hell hound completely misses you.
You slash the hell hound!
You kill the hell hound!
Dithmenos accepts your kill.
Training target 12.0 for Fighting reached!
Your Fighting skill increases to level 12!
You need to enable at least one skill for training.
Okay, then.
Okay, then.
The molten gargoyle misses you.
Things that are here:
a hell hound corpse; a cane toad corpse You slash the molten gargoyle!
The molten gargoyle is moderately damaged.
Your shadow hits the molten gargoyle but does no damage.
The molten gargoyle closely misses you.
You hit the molten gargoyle.
The molten gargoyle is heavily damaged.
Your shadow hits the molten gargoyle with a scimitar.
A wyvern comes into view.
The molten gargoyle completely misses you.
The wyvern hisses angrily.
You hit the molten gargoyle but do no damage.
The molten gargoyle is heavily damaged.
The molten gargoyle hits you with a +0 mace!!
You are engulfed in flames!
You hit the molten gargoyle but do no damage.
The molten gargoyle is heavily damaged.
Your shadow hits the molten gargoyle but does no damage.
You barely miss the molten gargoyle.
The molten gargoyle is heavily damaged.
The molten gargoyle blasts magma at you!
The bolt of magma misses you.
You barely miss the molten gargoyle.
The molten gargoyle is heavily damaged.
The molten gargoyle blasts magma at you!
The bolt of magma hits you!!
* * * LOW HITPOINT WARNING * * *
You emit a cloud of dark smoke.
Okay, then.
Press: ? - help, v - describe, . - travel
Here: a molten gargoyle, wielding a +0 mace (black smoke, heavily damaged, umbra)
The floor.
Press: ? - help, v - describe, . - travel A rock wall.
This square is wreathed by an umbra.
Unknown command.
Press: ? - help, v - describe, . - travel
Here: a molten gargoyle, wielding a +0 mace (black smoke, heavily damaged, umbra)
The floor.
Unknown command.
Unknown command.
Aiming: Fastroot
Press: ? - help, Shift-Dir - straight line, f - molten gargoyle
Aim: a molten gargoyle, wielding a +0 mace (black smoke, heavily damaged, umbra)
The roots erupt in riotous growth!
Roots grab the molten gargoyle.
Roots grab the wyvern.
The grasping roots constrict the wyvern.
The grasping roots constrict the molten gargoyle.
You hear an angry hiss. x2
The molten gargoyle blasts magma at you!
The bolt of magma hits you!!
* * * LOW HITPOINT WARNING * * *
Press: ? - help, v - describe, . - travel
Here: a molten gargoyle, wielding a +0 mace (black smoke, severely damaged, constricted by roots, umbra)
The floor.
Unknown command.
Unknown command.
Unknown command.
Unknown command.
You are wreathed by an umbra.
Your movement speed is average.
Your attack delay is about 0.7 (and cannot be improved with additional weapon skill).
Your damage rating with your +2 scimitar of flaming is about 23 (Base 12 x 117% (Dex) x 153% (Skill) + 2 (Ench)).
Your base attributes are Str 9, Int 16, Dex 17.
Unknown command.
Unknown command.
Press: ? - help, v - describe, . - travel
Here: a molten gargoyle, wielding a +0 mace (black smoke, severely damaged, constricted by roots, umbra)
The floor.
Unknown command.
Okay, then.
Okay, then.
Unknown command.
Press: ? - help, v - describe, . - travel
Here: a molten gargoyle, wielding a +0 mace (black smoke, severely damaged, constricted by roots, umbra)
The floor.
Unknown command.
Unknown command.
Okay, then.
Unknown command.
Search for what [Enter for "resist", or ? for help]? rF+ Unknown command.
Unknown command.
Unknown command.
Unknown command.
Unknown command.
Unknown command.
Unknown command.
Unknown command.
Unknown command.
Unknown command.
Unknown command.
Unknown command.
Unknown command.
Unknown command.
The roots lose their grip on something.
The grasping roots constrict the molten gargoyle!
The roots release their grip on the molten gargoyle.
The molten gargoyle blasts magma at you!
The bolt of magma hits you!!
You die...

....## ##....####
##...#.##.#
###.#..#..[.#
###PP..#......##
...P.......##..##
.........###.P..########
..####§§###...PP#....##.
##§@# #.#...........
#§#§# #.##.#....####
##9## ##.....P#.# # #§k#
##...#.#### #..#
#...##.## #....#
#..##...# .......#
##......# .........#
###...### ..........
##.#..#####


You could see a molten gargoyle.

Vanquished Creatures
  A dire elephant (Lair:4)
  Erica (D:10)
  3 boulder beetles
  2 two-headed ogres
  9 death yaks
  A skyshark (Lair:3)
  A lindwurm (Lair:5)
  2 manticores (D:11)
  A cyclops (D:11)
  6 elephants (Lair:4)
  12 cane toads
  3 black mambas
  A kobold demonologist (D:11)
  3 rime drakes
  6 komodo dragons
  Psyche (D:8)
  3 trolls
  2 polar bears
  A tyrant leech (Lair:2)
  4 hornets
  Grinder (D:5)
  16 blink frogs
  Prince Ribbit (D:7)
  A wraith (D:11)
  4 wyverns
  32 yaks
  6 steam dragons
  4 basilisks
  A swamp worm (Lair:2)
  Menkaure (D:6)
  13 water moccasins
  An acid dragon (D:10)
  A hell hound (Lair:5)
  4 orc warriors
  6 black bears
  3 ice beasts
  13 wolves
  4 centaurs
  5 kobold brigands
  2 gnoll sergeants
  13 bullfrogs
  2 scorpions
  9 wights (D:8)
  5 killer bees
  2 electric eels
  4 howler monkeys
  3 bombardier beetles
  4 jellies
  2 orc priests
  4 hounds
  3 iguanas
  5 orc wizards
  6 hell rats
  8 mummies (Ossuary)
  13 gnolls
  7 adders
  2 ufetubi (D:5)
  2 ribbon worms (D:2)
  20 orcs
  10 ball pythons
  7 endoplasms
  4 giant cockroaches
  9 goblins
  4 hobgoblins
  3 jackals (D:1)
  2 quokkas
  4 bats
  3 frilled lizards
  4 hobgoblin zombies (Ossuary)
  23 kobolds
  3 kobold zombies (Ossuary)
  An orc zombie (Ossuary)
  7 rats
380 creatures vanquished.

Notes
Turn   | Place    | Note
-------+----------+-------------------------------------------
     0 | D:1      | jagoly the Merfolk Air Elementalist began the quest for the
                  | Orb.
     0 | D:1      | Reached XP level 1. HP: 13/13 MP: 3/3
   234 | D:1      | Reached skill level 1 in Conjurations
   359 | D:1      | Reached XP level 2. HP: 19/19 MP: 1/5
   776 | D:1      | Reached XP level 3. HP: 24/24 MP: 2/6
  1379 | D:2      | Learned a level 2 spell: Static Discharge
  2055 | D:2      | Reached XP level 4. HP: 31/31 MP: 7/7
  2065 | D:2      | Found a faded altar of an unknown god.
  2098 | D:2      | Prayed at the altar of an unknown god.
  2098 | D:2      | Became a worshipper of Dithmenos the Shadowed
  2098 | D:2      | Reached * piety under Dithmenos
  2105 | D:2      | You fall into a shaft and drop 2 floors!
  2238 | D:3      | Reached skill level 1 in Fighting
  2377 | D:2      | Found Pialej's Antique Armour Emporium.
  2546 | D:2      | Found Itsi's Assorted Antiques.
  2835 | D:3      | Reached XP level 5. HP: 33/37 MP: 1/8
  3405 | D:4      | Noticed a black bear
  3534 | D:4      | Noticed a black bear
  3753 | D:4      | Reached skill level 1 in Throwing
  3753 | D:4      | Reached XP level 6. HP: 40/44 MP: 4/10
  3757 | D:4      | Killed a black bear
  4061 | D:4      | Killed a black bear
  4062 | D:4      | Reached XP level 7. HP: 39/52 MP: 3/11
  4139 | D:5      | Entered Level 5 of the Dungeon
  4152 | D:5      | Found a blossoming altar of Fedhas.
  4291 | D:5      | Found a shimmering altar of Xom.
  4313 | D:5      | Noticed a steam dragon
  4356 | D:5      | Found a sand-covered staircase.
  4360 | Ossuary  | Entered an ossuary
  4410 | Ossuary  | Reached ** piety under Dithmenos
  5242 | D:2      | Bought a glowing clear potion for 22 gold pieces
  5242 | D:2      | Bought a scroll labelled GEISI VUNNEMU for 25 gold pieces
  5242 | D:2      | Bought a scroll labelled SAKHAMM NOMU for 25 gold pieces
  5541 | D:5      | Killed a steam dragon
  5542 | D:5      | Reached XP level 8. HP: 51/60 MP: 2/12
  5766 | D:5      | Found a radiant altar of Vehumet.
  5880 | D:5      | Noticed Grinder
  6144 | D:6      | Reached skill level 1 in Evocations
  6286 | D:6      | Found a glowing golden altar of the Shining One.
  6845 | D:6      | Reached skill level 5 in Dodging
  6929 | D:6      | Reached skill level 5 in Stealth
  7066 | D:6      | Reached skill level 5 in Fighting
  7219 | D:6      | Reached XP level 9. HP: 37/68 MP: 1/13
  7320 | D:6      | Found a burning altar of Makhleb.
  7395 | D:6      | Noticed Menkaure
  7400 | D:6      | Killed Menkaure
  7814 | D:7      | Found a shadowy altar of Dithmenos.
  8002 | D:7      | Reached skill level 5 in Air Magic
  8125 | D:7      | Reached skill level 5 in Conjurations
  8306 | D:7      | Reached *** piety under Dithmenos
  8334 | D:7      | Noticed Prince Ribbit
  8466 | D:7      | Killed Prince Ribbit
  8690 | D:7      | Found an iron altar of Okawaru.
  8760 | D:8      | Found Oveloduk's Weapon Shop.
  8771 | D:8      | Found Koutunokk's Antique Armour Boutique.
  9058 | D:8      | Found Kebrucu's Antique Weapon Boutique.
  9058 | D:8      | Noticed a death yak
  9079 | D:8      | Noticed a death yak
  9081 | D:8      | Noticed a death yak
  9102 | D:8      | Found Xyinniah's Antique Weapon Shoppe.
  9120 | D:8      | Killed a death yak
  9121 | D:8      | Reached XP level 10. HP: 50/77 MP: 5/14
  9235 | D:5      | Paralysed by Grinder for 2 turns
  9253 | D:5      | Killed Grinder
  9265 | D:5      | Found a staircase to the Ecumenical Temple.
  9699 | D:8      | Found a staircase to the Lair.
  9723 | D:8      | Reached skill level 1 in Long Blades
  9919 | D:8      | Killed a death yak
  9920 | D:8      | Reached skill level 2 in Long Blades
 10208 | D:8      | Reached skill level 3 in Long Blades
 10398 | D:8      | Found Decruomo's Assorted Antiques.
 10671 | D:8      | Noticed Psyche
 10686 | D:8      | Killed Psyche
 10686 | D:8      | Paralysed by a hornet for 1 turns
 10687 | D:8      | Reached skill level 4 in Long Blades
 11016 | D:8      | Killed a death yak
 11017 | D:8      | Reached skill level 5 in Long Blades
 11017 | D:8      | Reached XP level 11. HP: 65/86 MP: 7/15
 11173 | D:9      | Reached skill level 6 in Long Blades
 11269 | D:9      | Noticed a boulder beetle
 11284 | D:9      | Killed a boulder beetle
 11285 | D:9      | Reached skill level 7 in Long Blades
 11320 | D:9      | Noticed Zagger's ghost (novice DsFi)
 11323 | D:9      | Found a runed translucent door.
 11483 | D:9      | Reached skill level 8 in Long Blades
 11710 | D:9      | Noticed a two-headed ogre
 11722 | D:9      | Killed a two-headed ogre
 11762 | D:8      | Reached skill level 9 in Long Blades
 12070 | D:9      | Found a staircase to the Orcish Mines.
 12129 | D:9      | Reached **** piety under Dithmenos
 12253 | D:9      | Reached skill level 10 in Long Blades
 12500 | D:10     | Entered Level 10 of the Dungeon
 12500 | D:10     | Noticed a spriggan rider
 12500 | D:10     | Noticed trev101's ghost (novice HOFi)
 12500 | D:10     | Identified the +6 trident of Xom's Displeasure {venom, rF+
                  | rC+ Int+6 Dex-3}
 12500 | D:10     | Found a runed translucent door.
 12510 | D:10     | Noticed a two-headed ogre
 12526 | D:10     | Killed a two-headed ogre
 12609 | D:10     | Reached skill level 11 in Long Blades
 12637 | D:10     | Reached skill level 12 in Long Blades
 13116 | D:10     | Noticed Erica
 13136 | D:10     | Killed Erica
 13228 | D:10     | Reached XP level 12. HP: 92/92 MP: 16/16
 13364 | D:10     | Identified the +8 dagger of Visiub {heavy, rC+}
 13470 | D:11     | Noticed a boulder beetle
 13481 | D:11     | Killed a boulder beetle
 13565 | D:11     | Reached skill level 13 in Long Blades
 13873 | D:11     | Learned a level 2 spell: Blink
 13877 | D:11     | Learned a level 3 spell: Swiftness
 14124 | D:11     | Found Viosal's General Store.
 14268 | D:11     | Noticed a sun demon
 14417 | D:8      | Bought 2 curare-tipped darts for 28 gold pieces
 14425 | D:8      | Bought a glowing buckler for 210 gold pieces
 14425 | D:8      | Bought a distressingly furry leather armour for 196 gold
                  | pieces
 14425 | D:8      | Identified the +2 leather armour of the Lost Path {Harm
                  | rPois rN+ Str+5} (You bought it in a shop on level 8 of the
                  | Dungeon)
 14447 | Lair:1   | Entered Level 1 of the Lair of Beasts
 14489 | Lair:1   | Reached skill level 1 in Shields
 14577 | Lair:1   | Reached ***** piety under Dithmenos
 15069 | Lair:2   | Reached skill level 5 in Shields
 15130 | Lair:2   | Reached skill level 1 in Translocations
 15156 | Lair:2   | Reached skill level 1 in Armour
 15347 | Lair:2   | Reached XP level 13. HP: 101/101 MP: 17/17
 15360 | Lair:2   | Reached skill level 10 in Dodging
 15365 | Lair:2   | Reached skill level 14 in Long Blades
 15393 | Lair:2   | Reached skill level 10 in Fighting
 15714 | Lair:2   | Found a staircase to the Snake Pit.
 15782 | Lair:2   | Identified the +0 ring mail of the Komodo Dragon {rPois}
 15873 | Lair:2   | Found a staircase to the Swamp.
 16144 | Lair:3   | You fall into a shaft and drop 2 floors!
 16144 | Lair:5   | Entered Level 5 of the Lair of Beasts
 16169 | Lair:4   | Noticed a dire elephant
 16176 | Lair:4   | Killed a dire elephant
 17136 | Lair:3   | Reached ****** piety under Dithmenos
 17157 | Lair:3   | Identified the +7 flail of Distant Shores {vamp, Int+4}
 18198 | Lair:4   | Reached XP level 14. HP: 62/113 MP: 18/18
 18602 | Lair:5   | Killed from afar by a molten gargoyle

Illustrated notes

Levels and vault maps discovered:
D:1:      minmay_arrival_doors, layout_basic
D:2:      layout_basic, hellmonk_ecumenical_altar_zigzags, serial_shops,
          nicolae_shop_behind_doors, nicolae_square_shop,
          ebering_dispersal_statue_hall
D:3:      layout_rooms, serial_bayou_lagoon_a
D:4:      layout_basic
D:5:      layout_rooms, fedhas_bush_and_centaur_altar, dk_xom_monty_hall,
          kennysheep_mini_moat, minmay_temple_entry_fiery,
          nicolae_ossuary_entry_plus, uniq_grinder
D:6:      layout_layer_cave, overflow_temple_1_default, tso_metal_star,
          uniq_menkaure
D:7:      layout_basic, mainiacjoe_overflow_catch_the_wave, uniq_prince_ribbit1
D:8:      layout_loops_cross, dpeg_lair_monsters, serial_shops, shop,
          nicolae_diamond_shop, nicolae_shop_stone,
          nicolae_shop_bloodbath_and_beyond, shop, nrook_mini_vaults,
          uniq_psyche
D:9:      layout_cross, orc_0_dummy, serial_column_ruins,
          column_ruins_square_large, column_ruins_columns_straight,
          column_ruins_columns_straight, column_ruins_open_tiny,
          column_ruins_corridor_corner, hellmonk_ghost_big_iron
D:10:     layout_loops_cross, ebering_ghost_funeral_grove, uniq_erica
D:11:     layout_rooms, serial_shops, shop, minmay_circle_x
Lair:1:   layout_roguey, serial_bayou_lagoon_b, lemuel_fruit_tree
Lair:2:   layout_roguey, minmay_swamp_entry_worms, dummy_snake_entry
Lair:3:   layout_cellular_growth, serial_bayou_shore_a
Lair:4:   layout_cave_pods, serial_rivers, chequers_serial_rivers_micro_d,
          chequers_serial_rivers_room_a, chequers_serial_rivers_micro_e,
          chequers_serial_rivers_small_a, chequers_serial_rivers_marsh,
          chequers_serial_rivers_micro_b, nicolae_lair_grazing_beasts
          [nicolae_sub_lair_graze_edge, nicolae_sub_lair_graze_edge,
          nicolae_sub_lair_graze_edge, nicolae_sub_lair_graze_edge]
Lair:5:   cheibrodos_lair_end_hotspot, layout_loops_ring,
          minmay_slime_entry_oklob_enclosed

Skill      XL: |  1  2  3  4  5  6  7  8  9 10 11 12 13 14 |
---------------+-------------------------------------------+-----
Conjurations   | 1 2 3 4 5 6 |  6.0
Air Magic      | 3 4 5 6 |  6.0
Dodging        | 3 4 5 7 8 9 11 12 | 12.0
Fighting       | 1 2 3 4 5 6 7 8 9 11 12 | 12.0
Stealth        | 3 4 5 7 8 |  8.0
Throwing       | 1 2 |  2.0
Spellcasting   | 3 |  3.0
Evocations     | 2 3 4 |  4.0
Long Blades    | 5 12 13 14 | 14.0
Shields        | 5 6 |  6.0
Translocations | 2 4 |  4.0
Armour         | 1 4 |  4.0

Action                     |  1- 3 |  4- 6 |  7- 9 | 10-12 | 13-15 || total
---------------------------+-------+-------+-------+-------+-------++-------
  Melee: Dagger            |    71 |    27 |    34 |    14 |       ||   146
         Punch             |     1 |       |     1 |     2 |       ||     4
         Short sword       |       |     4 |    34 |       |       ||    38
         Long sword        |       |       |       |    59 |       ||    59
         Scimitar          |       |       |       |   238 |   363 ||   601
  Throw: Dart              |       |     4 |    15 |    92 |    27 ||   138
         Boomerang         |       |     2 |     3 |       |       ||     5
         Stone             |       |       |       |    34 |    51 ||    85
   Cast: Shock             |    77 |    91 |   263 |   153 |       ||   584
         Static Discharge  |       |    11 |    46 |    69 |       ||   126
         Blink             |       |       |       |       |     1 ||     1
  Evoke: Wand              |       |     1 |     3 |     6 |     1 ||    11
    Use: Scroll            |       |       |     7 |    10 |     2 ||    19
   Stab: Sleeping          |       |     1 |       |     7 |    12 ||    20
         Distracted        |       |       |       |       |     1 ||     1
 Armour: Robe              |    45 |    44 |    28 |       |       ||   117
         Steam dragon scal |       |       |    93 |   195 |       ||   288
         Leather armour    |       |       |       |    51 |    90 ||   141
  Dodge: Dodged            |    58 |    54 |   105 |   297 |   145 ||   659
  Block: Buckler           |       |       |       |    30 |    73 ||   103
         Reflection        |       |       |       |       |     2 ||     2
